 Dungeon Crawl Stone Soup version 0.24.0-125-gc4c63601f3 (webtiles) character file.

Game seed: 1477043013921281355, levelgen mode: deterministic

60 Peloso the Shield-Bearer (level 3, 0/33 HPs)
             Began as a Minotaur Fighter on Feb 20, 2020.
             Slain by an adder (2 damage)
             ... on level 2 of the Dungeon.
             The game lasted 00:01:51 (984 turns).

Peloso the Shield-Bearer (Minotaur Fighter)          Turns: 984, Time: 00:01:51

Health: 0/33       AC: 11    Str: 20    XL:     3   Next: 82%
Magic:  2/2        EV:  4    Int:  5    God:
Gold:   101        SH:  9    Dex: 10    Spells: 2/2 levels left

rFire    . . .     SeeInvis .   a - +0 long sword
rCold    . . .     Gourm    .   c - +0 shield
rNeg     . . .     Faith    .   j - +0 plate armour
rPois    .         Spirit   .   (helmet restricted)
rElec    .         Reflect  .   (no cloak)
rCorr    .         Harm     .   (no gloves)
MR       .....                  (no boots)
Stlth    ..........             (no amulet)
HPRegen  0.11/turn              (no ring)
MPRegen  0.08/turn              (no ring)

@: lethally poisoned (0 -> -9)
A: retaliatory headbutt, horns 2
a: no special abilities


You were on level 2 of the Dungeon.
You were not hungry.

You visited 1 branch of the dungeon, and saw 2 of its levels.

You collected 101 gold pieces.

Inventory:

Hand Weapons
 a - a +0 long sword (weapon)
Armour
 b - a +0 scale mail
 c - a +0 shield (worn)
 j - a +0 plate armour (worn)
Jewellery
 k - an uncursed amulet of rage
Scrolls
 e - a scroll of fog {unknown}
 g - 3 scrolls of teleportation {unknown}
 i - a scroll of remove curse {unknown}
 l - a scroll of identify {unknown}
Potions
 d - a potion of might
 h - a potion of agility {unknown}
 m - a potion of heal wounds
Comestibles
 f - 4 rations


   Skills:
 + Level 4.1 Fighting
 + Level 3.2 Long Blades
 + Level 4.2 Armour
 + Level 0.7 Dodging
 + Level 4.2 Shields


You had 2 spell levels left.
You didn't know any spells.
Your spell library was empty.

Dungeon Overview and Level Annotations

Branches:
Dungeon (2/15)

Altars:
Xom


Innate Abilities, Weirdness & Mutations

You reflexively headbutt those who attack you in melee.
You have a pair of horns on your head.


Message History

You are poisoned.
The adder poisons you! The adder bites you but does no damage.
You closely miss the adder. Your headbutt misses the adder.
* * * LOW HITPOINT WARNING * * *
You feel sick. The adder bites you but does no damage.
You completely miss the adder.
* * * LOW HITPOINT WARNING * * *
You feel sick. The adder bites you but does no damage.
The adder barely misses you. You furiously retaliate!
You headbutt the adder.
Your shield and plate armour prevent you from hitting the adder.
The adder is lightly wounded.
You block the adder's attack. The adder bites you.
* * * LOW HITPOINT WARNING * * *
You are more poisoned.
The adder poisons you!
You closely miss the adder. You headbutt the adder!
The adder is almost dead.
* * * LOW HITPOINT WARNING * * *
You feel sick. The adder bites you.
You die...

##...##
#####.########
#.......†....#
#..#####......#
# #...##.#
+.#.##.## #
#.#......
#..#####......##
#...gS@..####.#
#....##.......#
####. #########
#. #. #. #. #g


You could see an adder and a goblin.

Vanquished Creatures
  An adder (D:2)
  A dart slug (D:2)
  A leopard gecko (D:2)
  2 orcs (D:2)
  A giant cockroach (D:1)
  5 goblins
  8 hobgoblins
  6 jackals (D:1)
  5 kobolds
  4 ball pythons
  6 bats (D:1)
  A frilled lizard (D:1)
  2 rats (D:1)
43 creatures vanquished.

Notes
Turn   | Place    | Note
-------+----------+-------------------------------------------
     0 | D:1      | Peloso the Minotaur Fighter began the quest for the Orb.
     0 | D:1      | Reached XP level 1. HP: 19/19 MP: 0/0
    84 | D:1      | Reached XP level 2. HP: 26/27 MP: 1/1
   348 | D:1      | Reached XP level 3. HP: 33/33 MP: 2/2
   850 | D:2      | Found a shimmering altar of Xom.
   860 | D:2      | Found a shimmering altar of Xom.
   862 | D:2      | Found a shimmering altar of Xom.
   892 | D:2      | Found a shimmering altar of Xom.
   984 | D:2      | Slain by an adder

Levels and vault maps discovered:
D:1:      saegor_arrival_simple_c, layout_loops_ring, serial_bayou_pond_c
D:2:      layout_loops_cross, old_standard_altar, minmay_misc_feat_room,
          xom_redecorated

Skill      XL: |  1  2 |
---------------+-------+-----
Long Blades    | 3 |  3.2
Armour         | 4 |  4.2
Fighting       | 4 |  4.1
Shields        | 4 |  4.2
Dodging        | |  0.7

Action                   || total
-------------------------++-------
Melee: Long sword        ||    97
       Headbutt          ||    18
  Use: Potion            ||     2
Armor: Scale mail        ||    16
       Plate armour      ||    53
Dodge: Dodged            ||    31
Block: Shield            ||    45
       Rpst.: Long sword ||     7
